ElectroGuy, lawful male human Knight # ----- # -|-------------- |...| ----- ---|-- |....r.........| #-....# |...| |....-# ##-.rrur.........| ###|...|# |...-#####-------------- |....|# # ---@------------ # |{..|# |...| #|............| |....-##### rr### ### -----# |...| #|.............# |....|# # # # |..>.# #|............|# --.---# ### ### # -----# )------------.-# # # # # # # ###)##### ## # ### ### ### ### # # # # # # ## # # # # ### ######## ### # ### #---|---|-# # #----------|-- # -----.- # #|.......|# #### #-...........| ##-......##########|........# #-------- |...........| |.....| # |.......| #-...%..| |...........| |.....| ### |....<..| |..%.%.| ------------- -----|- # |.......| |......| # # |.......| |.%...%| --------- -------- ElectroGuy the Esquire Experience level: 3 Strength: 18 Dexterity: 8 Constitution: 12 Intelligence: 8 Wisdom: 14 Charisma: 17 Health: 0(28) Energy: 25(25) Def: 10 Gold: 181 Moves: 3521 Dungeon seed: tTy6cflcTj2mED9- Game ID: ElectroGuy_1577620383 Your Inventory: Coins $ - 181 gold pieces Weapons a - a +1 long sword (weapon in hand) b - a blessed +1 lance s - a cursed +0 silver saber Armor e - a cursed -2 banded mail (being worn) n - an uncursed +0 helmet (being worn) r - an uncursed +0 pair of leather gloves (being worn) y - an uncursed +1 alchemy smock (being worn) z - an uncursed +0 shield of reflection (being worn) Comestibles c - 6 uncursed apples d - 10 uncursed carrots o - an uncursed sprig of wolfsbane v - 2 uncursed tripe rations w - an uncursed cream pie x - 4 uncursed food rations C - an uncursed fortune cookie E - an uncursed Dragon Fruit Scrolls k - an uncursed scroll of magic mapping Potions B - a potion of unholy water Rings g - an uncursed ring of poison resistance (on left hand) i - an uncursed ring of cold resistance (on right hand) Tools m - an uncursed skeleton key Spells and supernatural/magical abilities: Name Level Category Fail Memory W - pray for help -- divine ? -- X - turn undead -- divine ? -- Y - supernatural jump -- ability ? -- Your skills at the end: Fighting Skills riding [Basic] Weapon Skills long sword [Basic] lance [Basic] Spellcasting Skills Final Attributes: You were stridently aligned. You were cold resistant. You were poison resistant. You were acid resistant. You could jump. You had reflection. Lugh was angry with you. You are dead. Vanquished creatures: 4 coyotes a gas spore 3 hobbits 2 brown molds 2 yellow molds a gnome zombie 8 jackals 2 foxes a goblin a sewer rat 3 grid bugs 3 lichens 5 newts 36 creatures vanquished. Voluntary challenges: You used a wielded weapon 26 times, starting on turn 4. You read items or engraved 11 times, starting on turn 465. You never genocided any monsters. You never polymorphed an object. You never changed form. You used no wishes. You never split a pudding. You wrote Elbereth's name 4 times, starting on turn 465. You violated your moral code, losing 38 points of alignment, starting on turn 2570. Dungeon overview: The Dungeons of Doom: levels 1 to 4 Level 1 a long staircase Level 2 a general store, an altar to Brigit Level 3 <- You were here a delicatessen, a fountain, a sink Level 4 History has recorded: On T:1 you entered the Dungeons of Doom to retrieve the Amulet of Yendor! On T:408 you reached level 2 of The Dungeons of Doom. On T:1554 you advanced to experience level 2. On T:1877 you reached level 3 of The Dungeons of Doom. On T:3188 you advanced to experience level 3. On T:3409 you reached level 4 of The Dungeons of Doom. Score breakdown: Gold: 181 ( 7687 points) Experience: 3 levels ( 7878 points) Exploration: 4 levels ( 8.16%) ( 7500 points) Discoveries: 4 items ( 1.63%) ( 3825 points) Valuables value: (no points given unless you survive) Artifact value: 0 ( 0 points) Variety of kills: 13 monsters ( 3.41%) ( 5541 points) Turncount: 3521 turns ( -836 points) Survival: died (score multiplied by 80%) Total score: 25276 Latest messages: The sewer rat bites! The giant rat misses the saddled pony. The giant rat bites! The saddled pony misses the sewer rat. The saddled pony bites the sewer rat. The sewer rat is killed! The wererat changes into a rat. The wererat's armor falls around it! The wererat drops a dagger. The wererat summons help! The wererat misses. The saddled pony hits the sewer rat. The saddled pony bites the sewer rat. The sewer rat misses the saddled pony. The sewer rat misses. The sewer rat just misses! The giant rat bites the saddled pony. The giant rat misses. The saddled pony misses the sewer rat. (2x) The wererat bites! The sewer rat bites! You die... Final status: Fare thee well ElectroGuy the Knight, killed by a sewer rat, while praying... You died in The Dungeons of Doom on dungeon level 3 with 25276 points, and 181 pieces of gold, after 3521 moves. You were level 3 with a maximum of 28 hit points when you died.